Cogmind - Beta 17 @@@ ROGUE MODE // 2026.06.28 @ 15:06:18 Player: APerTAS Result: Destroyed by P-60 Hacker with Shock Rifle Performance ------------- Evolutions (0) 0 Regions Visited (4) 800 Robots Destroyed (42) 210 Value Destroyed (938) 938 Prototype IDs (3) 60 Alien Tech Used (0) 0 Bonus (5550) 5550 TOTAL SCORE: 7558 Bonus ------- Prayed to X0-1V1 5000 Major X0-1V1 Interference 550 Cogmind --------- Core Integrity 0/350 Matter 495/500 Energy 999/1000 System Corruption 13% Temperature Cool (0) Movement Core (100) Ox1 Location -9/Recycling Parts ------- > --- POWER (1) -------- (None) > --- PROPULSION (3) --- (None) > --- UTILITY (2) ------ X0-1V1's Piety Tracker > --- WEAPON (2) ------- Heavy Hammer (fused) > --- INVENTORY (5) ---- Beam Rifle Mining Laser Peak State ------------ > --- POWER ------------ Light Ion Engine > --- PROPULSION ------- Improved Aluminum Leg Improved Aluminum Leg Improved Aluminum Leg > --- UTILITY ---------- Medium Armor Plating X0-1V1's Piety Tracker > --- WEAPON ----------- Beam Rifle Heavy Hammer > --- INVENTORY -------- Light Armor Plating Beam Rifle Mining Laser [Rating: 26] Favorites ----------- Power Ion Engine Engine Ion Engine Power Core Light Nuclear Core Propulsion Aluminum Leg Treads Light Treads Leg Aluminum Leg Wheel Wheel Hover Unit Backup Propulsion I Utility X0-1V1's Piety Tracker Device X0-1V1's Piety Tracker Storage Small Storage Unit Protection Backup Plating I Weapon Particle Gun Energy Gun Particle Gun Ballistic Gun Assault Rifle Ballistic Cannon Light Cannon Launcher Grenade Launcher Impact Weapon Heavy Hammer Build | -11 -10 -10 -10 -9 ------- Run | Yrd Mat Min Sub Rec Slots Evolved . | . . . . . Power . | . . . . . Propulsion . | . . . . . Utility . | . . . . . Weapon . | . . . . . Parts Attached 34 | . 21 1 2 10 Power 5 | . 3 . . 2 Engine 4 | . 2 . . 2 Core 1 | . 1 . . . Reactor . | . . . . . Propulsion 12 | . 8 1 . 3 Treads 2 | . 2 . . . Leg 9 | . 6 . . 3 Wheel 1 | . . 1 . . Hover . | . . . . . Flight . | . . . . . Utility 10 | . 6 . . 4 Device 6 | . 5 . . 1 Storage 1 | . 1 . . . Processor . | . . . . . Hackware . | . . . . . Protection 3 | . . . . 3 Artifact . | . . . . . Weapon 7 | . 4 . 2 1 Energy Gun 3 | . 2 . 1 . Energy Cannon . | . . . . . Ballistic Gun 1 | . 1 . . . Ballistic Cannon 1 | . 1 . . . Launcher 1 | . . . 1 . Special Weapon . | . . . . . Impact Weapon 1 | . . . . 1 Slashing Weapon . | . . . . . Piercing Weapon . | . . . . . Special Melee Weapon . | . . . . . Unidentified Prototypes 1 | . 1 . . . Corrupted Parts 1 | . . . . 1 System Corruption 8 | . . . . 8 Parts Lost 16 | . 1 . 7 8 Power 3 | . . . 1 2 Propulsion 6 | . . . 3 3 Utility 3 | . 1 . . 2 Weapon 4 | . . . 3 1 Highest Loss Streak 4 | . 1 . 4 4 To Critical Strikes . | . . . . . Average Backups 5 | . 5 8 7 2 Power . | . . 1 1 . Propulsion . | . . . . . Utility 1 | . . 3 2 . Weapon 2 | . 2 3 3 1 Tool/Special . | . . . . . Unused Backups 5 | . . 1 2 2 Power . | . . . . . Propulsion . | . . . . . Utility 1 | . . . 1 . Weapon 3 | . . . 1 2 Tool/Special 1 | . . 1 . . Average Slot Usage (%) 86 | . 94 98 79 69 Engine 8 | . 7 13 6 9 Core 2 | . 5 . . . Treads 4 | . 10 . . . Leg 18 | . 15 27 18 19 Wheel 1 | . . . 6 . Device 14 | . 17 13 11 11 Storage 5 | . 5 13 11 . Protection 4 | . 4 . . 9 Energy Gun 13 | . 17 13 10 7 Ballistic Gun 1 | . 3 . . . Ballistic Cannon 5 | . 5 13 6 . Impact Weapon 2 | . . . . 10 Peak Build Rating 26 | . 20 21 22 26 Average Rating 14 | . 9 20 18 21 On Entrance 8 | . . 20 21 . Avg Prop Armor Cover (%) 14 | . . 15 14 . Naked Turns 75 | . 46 . 21 8 Heaviest Build 17 | . 17 17 17 17 Greatest Support 40 | 3 40 20 10 39 Greatest Overweight (x) 3 | . 1 1 3 3 Average Overweight (x) . | . . . . . Largest Inventory Capacity 8 | 5 8 8 8 5 Average Capacity 6 | 5 6 8 7 5 Most Carried 8 | . 8 8 8 5 Average Carried 5 | . 5 7 7 2 Final Capacity 8 | 5 8 8 5 5 Final Carried 8 | . 8 8 5 2 Class Distribution -------------------- 55% | Mutant 44% | Scavenger-Mutant Dominant Class ---------------- Scavenger-Mutant | -10/Materials Scavenger-Mutant | -10/Mines Mutant | -10/Subcaves Mutant | -9/Recycling Resources | -11 -10 -10 -10 -9 ----------- Run | Yrd Mat Min Sub Rec Matter Collected 1073 | 200 350 128 38 357 Remotely . | . . . . . Salvage Created 1836 | . 616 19 35 1166 Parts 57 | . 34 4 10 9 Haulers Intercepted 1 | . 1 . . . Recyclers Shooed 1 | . 1 . . . Parts Field Recycled . | . . . . . Retrieved Matter . | . . . . . Parts Self-Destructed 13 | . . . 13 . Prevented . | . . . . . Parts Restored . | . . . . . Kills | -11 -10 -10 -10 -9 ------- Run | Yrd Mat Min Sub Rec Combat Hostiles Destroyed 25 | . 15 . 4 6 Melee 2 | . . . . 2 Guns 13 | . 12 . 1 . Cannons 6 | . 3 . 3 . Classes Destroyed 9 | . 4 1 1 3 Tunneler 1 | . . 1 . . Hauler 1 | . 1 . . . Recycler 11 | . . . . 11 Turret 2 | . . . 2 . Watcher 2 | . 2 . . . Swarmer 7 | . 3 . 4 . Grunt 15 | . 12 . . 3 Sentry 2 | . . . . 2 Hunter 1 | . . . . 1 Best Kill Streak 12 | . 3 1 4 12 Combat Bots Only 4 | . 3 . 4 2 Max Kills in Single Turn 1 | . 1 1 1 1 Gunslinging . | . . . . . Exploded . | . . . . . Melee 1 | . . . . 1 Uniques/NPCs Destroyed . | . . . . . Combat | -11 -10 -10 -10 -9 -------- Run | Yrd Mat Min Sub Rec Hostile Shots Fired 284 | . 66 . 149 69 Missed 89 | . 21 . 52 16 Hits 195 | . 45 . 97 53 Projectile 195 | . 45 . 97 53 AOE 3 | . . . 3 . Critical Strikes 2 | . 2 . . . Damage Taken 1964 | . 502 . 795 667 Core 447 | . 96 . 244 107 Absorbed by Shields 90 | . . . 90 . Core Remaining (%) 100 | 100 . . . . Volleys Fired 75 | . 43 1 30 1 Largest 2 | . 2 2 2 1 Hottest 105 | . 105 95 95 56 Shots Fired 138 | . 85 2 50 1 Gun 107 | . 75 1 30 1 Cannon 23 | . 10 1 12 . Launcher 8 | . . . 8 . Special . | . . . . . Kinetic 34 | . 21 1 12 . Thermal 96 | . 64 1 30 1 Explosive 8 | . . . 8 . Electromagnetic . | . . . . . Robot Hit Streak 10 | . 10 2 5 2 Robot Miss Streak 5 | . 2 . 5 . Penetration Max . | . . . . . Secondary Targets 1 | . 1 . . . Max Gunslinging Chain 1 | . 1 . . . Shots Hit Robots 122 | . 59 1 27 35 Core Hits 47 | . 32 1 10 4 Critical Kills . | . . . . . Critical Parts Destroyed 7 | . 1 . . 6 Critical Strikes 9 | . 3 . . 6 Burn 2 | . 2 . . . Destroy 1 | . 1 . . . Smash 6 | . . . . 6 Melee Attacks 44 | . . . . 44 Impact 44 | . . . . 44 Slashing . | . . . . . Piercing . | . . . . . Sneak Attacks 12 | . . . . 12 Combat Hostiles . | . . . . . Follow-up Attacks . | . . . . . Damage Inflicted 3145 | . 745 13 499 1888 Guns 814 | . 620 13 167 14 Cannons 245 | . 120 . 125 . Explosions 189 | . . . 189 . Melee 1869 | . . . . 1869 Ramming 28 | . 5 . 18 5 Kinetic 332 | . 207 . 125 . Thermal 727 | . 533 13 167 14 Explosive 189 | . . . 189 . Electromagnetic . | . . . . . Impact 1869 | . . . . 1869 Slashing . | . . . . . Piercing . | . . . . . Highest Corruption 12 | . . . 3 12 Average Corruption 4 | . . . 2 4 Corruption Purged . | . . . . . Corruption Blocked . | . . . . . Effects 9 | . . . . 9 Message Errors 3 | . . . . 3 Matter Fused 3 | . . . . 3 Energy Discharges 1 | . . . . 1 Parts Rejected 1 | . . . . 1 Data Loss (minor) 1 | . . . . 1 Overload Shots . | . . . . . Overflow Damage 836 | . . . 16 820 Projectiles 16 | . . . . 16 Explosions 16 | . . . 16 . Melee 804 | . . . . 804 Knockbacks 7 | . . . . 7 Impact 6 | . . . . 6 Kinetic . | . . . . . Secondary 1 | . . . . 1 Self-Inflicted Damage 20 | . . . 18 2 Shots . | . . . . . Rammed 2 | . 1 . . 1 Targets Rammed 2 | . 1 . . 1 Kicked . | . . . . . Crushed . | . . . . . Highest Temperature 229 | . 229 33 16 22 Average Temperature 47 | . 53 20 5 13 Received Heat Transfer 793 | . 282 . 301 210 Siege Activations . | . . . . . Martial Activations . | . . . . . Shielding Activations . | . . . . . Robots Disrupted . | . . . . . Combat Hostiles . | . . . . . Robots Corrupted 9 | . . . . 9 Combat Hostiles 4 | . . . . 4 Parts Fried 20 | . . . . 20 Impact Corruptions 24 | . . . . 24 Robots Melted . | . . . . . Combat Hostiles . | . . . . . Parts Melted 7 | . 6 1 . . Heat Transferred 2093 | . 1682 37 337 37 Parts Sabotaged . | . . . . . Parts Stolen . | . . . . . Parts Stripped . | . . . . . Power Chain Reactions . | . . . . . Alert | -11 -10 -10 -10 -9 ------- Run | Yrd Mat Min Sub Rec Maximum Alert Level . | . . . . . Low Security (%) 100 | 100 100 100 . 100 Level 1 . | . . . . . Level 2 . | . . . . . Level 3 . | . . . . . Level 4 . | . . . . . Level 5 . | . . . . . High Security . | . . . . . Max Security . | . . . . . Peak Influence 134 | . 134 15 . 65 Initial 15 | . . 15 . . Average 35 | . 52 2 . 14 Influence Increases 792 | . 415 5 150 222 Destroy 0b10 Robot/C 540 | . 300 . 120 120 Destroy 0b10 Robot/NC 80 | . 15 5 . 60 Destroy Leader 86 | . 76 . . 10 Successful Hack 23 | . 23 . . . Disable Machine 30 | . . . . 30 Destroy Structure 3 | . 1 . . 2 Lose Combat Pursuer 30 | . . . 30 . Influence Decreases 789 | . 375 45 150 219 Entered New Map 25 | . . 25 . . Time Decay 614 | . 365 20 90 139 Lost Part 150 | . 10 . 60 80 Squads Dispatched 6 | . 5 . . 1 Investigation 5 | . 4 . . 1 Extermination . | . . . . . Reinforcement 1 | . 1 . . . Assault . | . . . . . Garrison . | . . . . . Intercept . | . . . . . Searches Triggered . | . . . . . Construction Impeded . | . . . . . Haulers Reinforced . | . . . . . Active Scanning Responses . | . . . . . Cargo Convoy Interrupts . | . . . . . Stealth | -11 -10 -10 -10 -9 --------- Run | Yrd Mat Min Sub Rec Distress Signals 1 | . 1 . . . Communications Jammed . | . . . . . Distress Signals . | . . . . . Times Spotted 43 | . 22 . 11 10 Peak Tracking Total 6 | . 5 . 6 4 Tactical Retreats 1 | . . . 1 . Traps | -11 -10 -10 -10 -9 ------- Run | Yrd Mat Min Sub Rec Traps Triggered 1 | . 1 . . . Indirectly . | . . . . . Trap Hack Attempts . | . . . . . Triggered . | . . . . . Disarmed . | . . . . . Reprogrammed 4 | . 4 . . . Reused . | . . . . . Traps Extracted . | . . . . . Installed . | . . . . . Triggered . | . . . . . Machines | -11 -10 -10 -10 -9 ---------- Run | Yrd Mat Min Sub Rec Machines Disabled 6 | . . . 4 2 Max in Single Turn 1 | . . . 1 1 Machines Repaired . | . . . . . Machines Dismantled . | . . . . . Machines Sabotaged . | . . . . . Overloaded Fab Kills . | . . . . . Hacking | -11 -10 -10 -10 -9 --------- Run | Yrd Mat Min Sub Rec Machines Accessed 8 | . 7 . . 1 Terminals 6 | . 5 . . 1 Fabricators . | . . . . . Repair Stations 1 | . 1 . . . Recycling Units 1 | . 1 . . . Scanalyzers . | . . . . . Garrison Access . | . . . . . Total Hacks 27 | . 24 . . 3 Successful 14 | . 14 . . . Failed 13 | . 10 . . 3 Catastrophic 2 | . . . . 2 Database Lockouts . | . . . . . Manual 27 | . 24 . . 3 Terminals 19 | . 16 . . 3 Fabricators . | . . . . . Repair Stations 1 | . 1 . . . Recycling Units 7 | . 7 . . . Scanalyzers . | . . . . . Garrison Access . | . . . . . Terminal Hacks 6 | . 6 . . . Prototype ID Bank 1 | . 1 . . . Terminal Index 1 | . 1 . . . Locate Traps 1 | . 1 . . . Reprogram Traps 1 | . 1 . . . Hauler Manifests 1 | . 1 . . . Zone Layout 1 | . 1 . . . Fabricator Hacks . | . . . . . Repair Station Hacks 1 | . 1 . . . Refit 1 | . 1 . . . Recycling Unit Hacks 1 | . 1 . . . Retrieve Components 1 | . 1 . . . Scanalyzer . | . . . . . Garrison Access Hacks . | . . . . . Unauthorized Hacks 6 | . 6 . . . Terminals 3 | . 3 . . . Botnet 3 | . 3 . . . Fabricators . | . . . . . Repair Stations . | . . . . . Recycling Units 3 | . 3 . . . Reject 1 | . 1 . . . Recyclers 1 | . 1 . . . Mask 1 | . 1 . . . Scanalyzers . | . . . . . Garrison Access . | . . . . . Data Cores Recovered . | . . . . . Used . | . . . . . Hacking Detections 7 | . 6 . . 1 Full Trace Events 2 | . 1 . . 1 Feedback Events . | . . . . . Feedback Blocked . | . . . . . Robot Schematics Acquired . | . . . . . Robots Built . | . . . . . Authchips . | . . . . . Time . | . . . . . Total Robot Build Rating . | . . . . . Part Schematics Acquired . | . . . . . Parts Built . | . . . . . Authchips . | . . . . . Time . | . . . . . Total Part Build Rating . | . . . . . Part Studies Acquired . | . . . . . Parts Repaired . | . . . . . Time . | . . . . . Parts Recycled . | . . . . . Recycled Matter . | . . . . . Retrieved Matter . | . . . . . Retrieved Components . | . . . . . Parts Scanalyzed . | . . . . . Part Schematics Acquired . | . . . . . Parts Damaged . | . . . . . Bothacking | -11 -10 -10 -10 -9 ------------ Run | Yrd Mat Min Sub Rec Used RIF Installer . | . . . . . Robots Hacked . | . . . . . Non-combat . | . . . . . Combat . | . . . . . Robot Hacks Applied . | . . . . . Relay Couplers Released . | . . . . . Fabnet Peak Effective % . | . . . . . Robots Rewired 1 | . . . . 1 Allies Hacked . | . . . . . Hacks Repelled . | . . . . . Allies | -11 -10 -10 -10 -9 -------- Run | Yrd Mat Min Sub Rec Total Allies 3 | . . . 2 1 Largest Group 2 | . . . 2 . Highest-Rated Group 16 | . . . 16 . Highest-Rated Ally 8 | . . . 8 . Total Orders . | . . . . . Ally Attacks 10 | . . . 10 . Total Damage 78 | . . . 78 . Kills . | . . . . . Allies Corrupted . | . . . . . Allies Melted . | . . . . . X0-1V1 Amusement Gains 63 | . 13 . . 50 Good Acts 9 | . 1 3 3 2 Bad Acts 7 | . 1 . 3 3 Intel | -11 -10 -10 -10 -9 ------- Run | Yrd Mat Min Sub Rec Active Infowar (turns) 701 | . 701 . . . Structural 190 | . 190 . . . Seismic 511 | . 511 . . . Robot Analysis Total . | . . . . . Derelict Logs Recovered . | . . . . . Drone Launches . | . . . . . Drone Recoveries . | . . . . . Exploration | -11 -10 -10 -10 -9 ------------- Run | Yrd Mat Min Sub Rec Turns Passed 1939 | 12 971 170 309 477 Spaces Moved 1276 | 24 615 138 196 303 Core 287 | 24 88 . 43 132 Treads 149 | . 149 . . . Legs 708 | . 366 134 37 171 Wheels 120 | . . 4 116 . Hover 12 | . 12 . . . Flight . | . . . . . Fastest Speed 50 | 50 50 95 50 50 Average Speed 113 | 50 118 119 106 110 Slowest Speed 200 | 50 190 120 200 200 Overloaded Moves . | . . . . . Propulsion Burnouts . | . . . . . Robots Hopped . | . . . . . Potential Cave-ins . | . . . . . Cave-ins Triggered . | . . . . . Exploration Rate (%) 36 | 3 91 31 17 42 Regions Visited 4 Branch Regions 3 Pre-discovered Areas . | . . . . . Known Exits Taken . | . . . . . Unknown Exits Taken 4 | 1 1 1 1 . Scrap Searched 1 | . . 1 . . Spaces Dug 1 | . . . . 1 Terrain Destroyed 7 | . . . 6 1 Melee 1 | . . . . 1 Projectile . | . . . . . AOE 6 | . . . 6 . Terrain Rammed 2 | . . . 2 . Walls Destroyed . | . . . . . Machines Disabled . | . . . . . Actions | -11 -10 -10 -10 -9 --------- Run | Yrd Mat Min Sub Rec Total 1538 | 23 765 141 244 365 Wait 72 | . 72 . . . Move 1272 | 23 614 137 195 303 Hop . | . . . . . Pick Up 11 | . 8 1 2 . Fast Attach 8 | . 1 1 . 6 Attach 7 | . . . 3 4 Detach . | . . . . . Swap 21 | . 20 . . 1 Drop 7 | . 6 1 . . Fire 75 | . 43 1 30 1 Melee 44 | . . . . 44 Ram 3 | . . . 2 1 Kick . | . . . . . Crush 1 | . 1 . . . Escape Stasis 12 | . . . 12 . Rewire 5 | . . . . 5 Trap . | . . . . . Miscellaneous . | . . . . . Route ------- -11/Scrapyard -10/Materials (discovered 6 exits: [*Mat x3] / [*Min x2] / [*Sub]) -10/Mines -10/Subcaves (discovered 2 exits: [*Mat] / *Rec) -9/Recycling History --------- Turn | Location | Event 3 | -11/Scrapyard | Discovered new exit (range 15) 13 | -11/Scrapyard | Entered Materials 148 | -10/Materials | Discovered new exit (range 8) 468 | -10/Materials | Discovered new exit (range 14) 513 | -10/Materials | Derelicts attacked the area 593 | -10/Materials | Discovered new exit (range 14) 641 | -10/Materials | Build established: Mutant 761 | -10/Materials | Discovered new exit (range 13) 769 | -10/Materials | Discovered new exit (range 10) 926 | -10/Materials | Discovered new exit (range 10) 937 | -10/Materials | Prayed at D.C.S.S. Altar Unit 961 | -10/Materials | Matter capacity permanently improved by X0-1V1 (+200; -100 max core) 984 | -10/Materials | Entered Mines 1016 | -10/Mines | Build established: Scavenger-Mutant 1092 | -10/Mines | Discovered new exit (range 4) 1121 | -10/Mines | Core integrity permanently improved by X0-1V1 (+200) 1139 | -10/Mines | Propulsion slot count permanently improved by X0-1V1 (+1) 1154 | -10/Mines | Entered Subcaves 1206 | -10/Subcaves | Discovered new exit (range 5) 1299 | -10/Subcaves | Discovered new exit (range 8) 1368 | -10/Subcaves | Lost 4 parts (1p2n1w) 1442 | -10/Subcaves | Core integrity fell below 50% 1442 | -10/Subcaves | Released all parts (3) 1448 | -10/Subcaves | X0-1V1 sent allied G-34 Mercenary (x2) 1463 | -10/Subcaves | Entered Recycling 1470 | -9/Recycling | Lost 3 parts (1n2w) 1616 | -9/Recycling | Build established: Mutant 1848 | -9/Recycling | Core integrity fell below 20% 1871 | -9/Recycling | System corruption reached 10% 1888 | -9/Recycling | Lost 4 parts (1p1n1u1w) 1917 | -9/Recycling | P-60 Hacker assimilated allied Scavenger 2a 1940 | -9/Recycling | Destroyed by P-60 Hacker with Shock Rifle Last Messages --------------- 01899_ R-06 Scavenger system terminally corrupted. 01899_ Com. Wheel fried. 01899_ Lgt. Ion Engine fried. 01909_ P-60 Hacker springs to life. 01909_ G-34 Mercenary springs to life. 01911_ Attempting to rewire R-06 Scavenger. 01912_ K-01 Serf destroyed. 01912_ Attempting to rewire R-06 Scavenger. 01914_ P-60 Hacker springs to life. 01914_ Lgt. Armor Plating destroyed. 01915_ Attempting to rewire R-06 Scavenger. 01915_ R-06 Scavenger rewired. 01915_ B-36 Bruiser destroyed. 01917_ P-60 Hacker hacks Scavenger 2a, assimilated. 01921_ System corrupted: Matter fused (-10). 01924_ Scavenger 2a reactivates. 01925_ Connecting with Recycling Unit... 01937_ Door malfunctions. 01937_ Lgt. Ion Engine destroyed. 01940_ X0-1V1 chuckles heartily! Map ----- +----------------------------------------------------+ | ??????????????????????# #????????? | | ??????????????????????# #????????? | | ??????????????############+##+################ | | ??????????????# | | ??????????????# | | ??????????????# | | ??????????????# ##" #################+##### | | ??############# #####????????????# # | | ??# # #????????????????# # | | ??# # ###??????????????# # | | ??# # ""#??????????????# # | | ??# # "#??????????????# # | | ??# # ""#??????????????# # | | ??# # ###??????????????# # | | ??# ; ""#?????????????## # | | ??# # "#?????????????#% # | | ??# # ""#???????################## | | ??# # #######???# % % | | ??# + ###?# % | | ??# ###/##### #?# """%""" """ """ | | ??# ### # #?# """ """ """ """ | | ??#### #### ####r # =#?# """%""" """ """ | | ?????##???###??## # ###?# %% | | ????????????????# # #???# %%% | | ????????????????# + #???####+############# | | ????????????????# @# #??????#%#???????????? | | ????????????????# # ######## ##########??? | | ????????????????# # + | | ????????????????# ########## ##### | | ????????????????# #????????#!#???????????? | | ????????????????# ######???#%#???????????? | | ????????????????# ##"""#???# #???????????? | | ????????????????# p##"Y"##### #####???????? | | ????????????????# p + ???? | | ????????????????# ##########/#####???????? | | ????????????????#####r#???????%*=!#??????????? | | ????????????????????###????? =[% #??????????? | | ?????????????????????????? #??????????? | | ?????????????????????????# #??????????? | | ?????????????????????????#% [ [! #??????????? | | ?????????????????????????# #??????????? | | ?????????????????????????# | #??????????? | | ?????????????????????????# = #??????????? | | ?????????????????????????# #??????????? | | ?????????????????????????##########??????????? | | ?????????????????????????????????????????????? | | ?????????????????????????????????????????????? | | ?????????????????????????????????????????????? | | ?????????????????????????????????????????????? | | ?????????????????????????????????????????????? | +----------------------------------------------------+ Best States ------------- Heat Dissipation 39 Energy Generation 14 Energy Capacity 1150 Matter Stores 500 Matter Capacity 500 Sight Range 21 Terrain Scan Density 10 Armor Coverage 225 Evasion (%) 55 Recoil Reduction 2 Item Schematics ----------------- None Robot Schematics ------------------ None Fabricated ------------ Nothing Repaired ---------- Nothing Studied --------- None Alien Tech Used ----------------- None Achievements -------------- Chaos Is Inevitable Challenges ------------ None Game ------ Seed ThermoelectricRemoteWings Manual? 0 Play Time 00:21:19 Cumulative 67.8 hours Start 2026.06.28 @ 14:48:30 End 2026.06.28 @ 15:06:18 Sessions 1 Manual Loads 0 Difficulty Rogue Special Mode None Game No. 212 Rogue 212 Adventurer 0 Explorer 0 Win Type - Total 0 Types 0/0/0/0/0/0/0/0/0/0 Lore% 63 Gallery% 37 Achievement% 36 Wizard Run 0 Options --------- Layout 0 ASCII 0 Keyboard 1 Movement Arrows Keybinds 0 Fullscreen 1 Font 24/Terminus Map View 64x52 Zoom Use 0% Tactical HUD 1 Map Filters NONE Filters NONE Steam 1 RUN: ac6c0450-3a38-4b91-9152-de2c62d3331f